 Dungeon Crawl Stone Soup version 0.31-a0-358-gac0dbeb3ab (webtiles) character file.

Game seed: 6071739494909097648

1313 hashsling the Conjurer (level 8, -1/53 HPs)
             Began as a Gargoyle Conjurer on July 25, 2023.
             Was an Initiate of Sif Muna.
             Slain by an orc warrior
             ... wielding a +0 long sword
              (2 damage)
             ... on level 7 of the Dungeon.
             The game lasted 00:24:25 (6674 turns).

hashsling the Conjurer (Gargoyle Conjurer)          Turns: 6674, Time: 00:24:26

Health: -1/53      AC: 11    Str: 12    XL:     8   Next: 58%
Magic:  0/12       EV: 12    Int: 20    God:    Sif Muna [......]
Gold:   98         SH:  0    Dex: 14    Spells: 0/13 levels left

rFire   + . .        E - +0 quarterstaff
rCold   . . .        (shield currently unavailable)
rNeg    + . .        x - +2 robe {rF+}
rPois   ∞            (no helmet)
rElec   +            (no cloak)
rCorr   .            w - +0 pair of gloves
SInv    .            B - +0 pair of boots
Will    .....        k - amulet of faith
Stlth   ++           p - +6 ring of dexterity
HPRegen 0.28/turn    t - +4 ring of slaying
MPRegen 0.13/turn

%: faith
@: no status effects
A: sickness immunity, AC +5, negative energy resistance 1, electricity
resistance, torment resistance 1, petrification resistance
a: Renounce Religion


You were on level 7 of the Dungeon.
You worshipped Sif Muna.
Sif Muna was noncommittal.
You visited 2 branches of the dungeon, and saw 8 of its levels.

You collected 318 gold pieces.
You spent 220 gold pieces at shops.

Inventory:

Hand Weapons
 h - a +2 dagger of protection
 l - a +0 long sword of holy wrath
 C - a +2 short sword of draining
 E - a +0 quarterstaff (weapon)
Missiles
 a - 2 boomerangs of dispersal
Armour
 w - a +0 pair of gloves (worn)
 x - a +2 robe of fire resistance (worn)
 B - a +0 pair of boots (worn)
Jewellery
 k - an amulet of faith (around neck)
 p - a +6 ring of dexterity (left hand)
 t - a +4 ring of slaying (right hand)
 A - a ring of wizardry
Wands
 q - a wand of quicksilver (10)
 D - a wand of digging (6)
Scrolls
 c - 2 scrolls of teleportation {unknown}
 d - a scroll of vulnerability {unknown}
 e - 2 scrolls of blinking {unknown}
 f - 2 scrolls of amnesia {unknown}
 i - a scroll of fog {unknown}
 j - 3 scrolls of butterflies {unknown}
 m - a scroll of fear {unknown}
 n - a scroll of poison {unknown}
 o - a scroll of immolation {unknown}
 r - 5 scrolls of identify {unknown}
 y - 2 scrolls of enchant weapon {unknown}
 z - a scroll of enchant armour {unknown}
Potions
 b - a potion of magic
 g - 3 potions of mutation {unknown}
 s - a potion of enlightenment {unknown}
 u - 3 potions of curing {unknown}
 v - a potion of haste {unknown}


   Skills:
 - Level 7.0 Fighting
 * Level 0.0 Staves
 - Level 2.0 Dodging
 - Level 2.1 Stealth
 - Level 3.0 Spellcasting
 - Level 7.0 Conjurations
 + Level 4.6 Hexes


You couldn't memorise any spells.
You knew the following spells:

 Your Spells              Type           Power      Damage    Failure   Level
a - Magic Dart            Conj           100%       1d8       1%          1
b - Searing Ray           Conj           62%        2d6       1%          2
c - Dazzling Flash        Conj/Hex       52%        N/A       4%          3
d - Fulminant Prism       Conj/Hex       13%        3d8       13%         4
e - Confusing Touch       Hex            21%        N/A       6%          3

Your spell library contained the following spells:

 Spells                   Type           Power      Damage    Failure   Level
 Slow                     Hex            84%        N/A       2%          1
 Tukima's Dance           Hex            21%        N/A       6%          3
 Summon Small Mammal      Summ           12%        N/A       14%         1
 Mephitic Cloud           Conj/Pois/Air  12%        N/A       17%         3
 Summon Guardian Golem    Hex/Summ       12%        N/A       17%         3
 Poisonous Vapours        Pois/Air       6%         N/A       22%         2
 Iskenderun's Mystic Bla  Conj/Tloc      17%        2d5       32%         4
 Call Canine Familiar     Summ           3%         N/A       38%         3
 Ozocubu's Armour         Ice            3%         N/A       38%         3
 Vampiric Draining        Necr           3%         2d6       38%         3
 Passage of Golubria      Tloc           3%         N/A       80%         4
 Freezing Cloud           Conj/Ice/Air   6%         6-21      83%         5
 Yara's Violent Unravell  Hex/Tmut       6%         3d5       83%         5
 Alistair's Intoxication  Tmut/Pois      2%         N/A       98%         5
 Borgnjor's Vile Clutch   Necr/Erth      1%         N/A       98%         5
 Eringya's Noxious Bog    Tmut/Pois      1%         4d6       100%        6
 Ozocubu's Refrigeration  Ice            1%         4d7       100%        7


Dungeon Overview and Level Annotations

Branches:
Dungeon (7/15)             Temple (1/1) D:6

Altars:
Ashenzari
Cheibriados
Elyvilon
Fedhas
Gozag
Hepliaklqana
Kikubaaqudgha
Makhleb
Nemelex Xobeh
Okawaru
Qazlal
Sif Muna
Trog
Vehumet
Wu Jian
Xom
Yredelemnul
Zin

Shops:
D:1 (   D:2 (   D:6 :   D:7 ?


Innate Abilities, Weirdness & Mutations

You are immune to sickness and miasma.
Your stone body is resilient. (AC +5)
You are immune to poison.
You resist negative energy. (rN+)
You are resistant to electric shocks. (rElec)
You are resistant to unholy torment.
You are immune to petrification.


Message History

The orc warrior hits you with a +0 long sword.
The searing ray hits the orc warrior!
The orc warrior is heavily wounded.
You finish channelling your searing ray.
The orc warrior hits you with a +0 long sword.
The orc warrior hits you with a +0 long sword.
Aiming: Magic Dart (safe; 1% risk of failure)
Press: ? - help, Q - select action, (/) - cycle Shift-Dir - straight line, f/p - orc warrior
Aim: an orc warrior, wielding a +0 long sword and wearing a +0 plate armour (heavily wounded, 100% to hit)
The magic dart hits the orc warrior but does no damage.
The orc warrior is heavily wounded.
The orc warrior barely misses you.
Aiming: Magic Dart (safe; 1% risk of failure)
Press: ? - help, Q - select action, (/) - cycle Shift-Dir - straight line, f/p - orc warrior
Aim: an orc warrior, wielding a +0 long sword and wearing a +0 plate armour (heavily wounded, 100% to hit)
The magic dart hits the orc warrior but does no damage.
The orc warrior is heavily wounded.
The orc warrior hits you with a +0 long sword.
You completely miss the orc warrior.
The orc warrior is heavily wounded.
The orc warrior hits you with a +0 long sword.
You barely miss the orc warrior.
The orc warrior is heavily wounded.
The orc warrior misses you.
Aiming: Magic Dart (safe; 1% risk of failure)
Press: ? - help, Q - select action, (/) - cycle Shift-Dir - straight line, f/p - orc warrior
Aim: an orc warrior, wielding a +0 long sword and wearing a +0 plate armour (heavily wounded, 100% to hit)
The magic dart hits the orc warrior.
The orc warrior is severely wounded.
The orc warrior closely misses you.
You hit the orc warrior but do no damage.
The orc warrior is severely wounded.
The orc warrior hits you with a +0 long sword!
* * * LOW HITPOINT WARNING * * *
You hit the orc warrior but do no damage.
The orc warrior is severely wounded.
The orc warrior hits you with a +0 long sword!
* * * LOW HITPOINT WARNING * * *
The orc warrior hits you with a +0 long sword.
You die...

#.........###.....##.#§§≈§≈≈≈≈
#######........#.###...§§§....
#.##....##.######...###
#.###.)......# #.....######.#
#####......#.# #.####.###
#.#### #...@# #.##o# #.##.#
#....# ###..+ #..# #..# #..#


You could see an orc warrior.

Vanquished Creatures
  Joseph (D:7)
  A sky beast (D:6)
  An ice beast (D:5)
  An ogre (D:5)
  A bullfrog (D:7)
  2 scorpions
  An orc priest (D:3)
  2 hounds
  2 gnoll boudas
  Jessica (D:2)
  3 iguanas
  An orc wizard (D:5)
  6 adders
  8 gnolls
  2 white imps
  2 ufetubi (D:5)
  A worm (D:3)
  11 orcs
  3 ball pythons
  6 bats
  7 endoplasms
  3 giant cockroaches
  5 goblins
  6 hobgoblins
  4 jackals (D:3)
  3 kobolds
  11 quokkas
  A frilled lizard (D:1)
  6 rats
102 creatures vanquished.

Notes
Turn   | Place    | Note
-------+----------+-------------------------------------------
     0 | D:1      | hashsling the Gargoyle Conjurer began the quest for the
                  | Orb.
     0 | D:1      | Reached XP level 1. HP: 10/10 MP: 3/3
   177 | D:1      | Found Bohabo Umol's Antique Weapon Boutique.
   262 | D:1      | Reached XP level 2. HP: 15/15 MP: 1/5
   265 | D:1      | Learned a level 2 spell: Searing Ray
   368 | D:1      | Reached skill level 5 in Conjurations
   659 | D:1      | Reached XP level 3. HP: 19/19 MP: 1/6
  1265 | D:2      | Found Basar's Antique Weapon Shoppe.
  1283 | D:2      | Found a faded altar of an unknown god.
  1283 | D:2      | Noticed Jessica
  1287 | D:2      | Killed Jessica
  1288 | D:2      | Reached skill level 1 in Fighting
  1304 | D:2      | Reached XP level 4. HP: 21/25 MP: 0/7
  1448 | D:2      | Learned a level 3 spell: Dazzling Flash
  2200 | D:3      | Reached XP level 5. HP: 31/31 MP: 3/8
  3201 | D:4      | Reached XP level 6. HP: 34/37 MP: 2/9
  3779 | D:5      | Entered Level 5 of the Dungeon
  4025 | D:5      | Noticed an ice beast
  4128 | D:5      | Killed an ice beast
  4129 | D:5      | Reached XP level 7. HP: 33/44 MP: 0/11
  4182 | D:5      | Reached skill level 5 in Fighting
  4418 | D:5      | Learned a level 4 spell: Fulminant Prism
  5447 | D:6      | Reached skill level 1 in Hexes
  5693 | D:6      | Reached XP level 8. HP: 52/52 MP: 5/12
  5750 | D:6      | Found Vowill's Book Shop.
  5754 | D:6      | Bought a book of Debilitation for 220 gold pieces
  5758 | D:6      | Learned a level 3 spell: Confusing Touch
  6063 | D:6      | Found a staircase to the Ecumenical Temple.
  6076 | Temple   | Entered the Ecumenical Temple
  6125 | Temple   | Became a worshipper of Sif Muna the Loreminder
  6313 | D:7      | Found Hokurgh's Magic Scroll Shop.
  6326 | D:7      | Noticed Joseph
  6482 | D:7      | Killed Joseph
  6674 | D:7      | HP: 1/53 [orc warrior/+0 long sword (9)]
  6674 | D:7      | Slain by an orc warrior

Illustrated notes

Levels and vault maps discovered:
D:1:      dpeg_arrival_water_fire, layout_basic, serial_shops, shop,
          amcnicky_mini_corridor_feature
D:2:      layout_basic, serial_shops, nicolae_shop_tiny_statue_garden,
          hellmonk_ecumenical_altar_lost_god, uniq_jessica
D:3:      layout_loops_ring
D:4:      layout_loops_ring
D:5:      layout_basic, abandoned_shop, minmay_holes
D:6:      layout_loops_ring, serial_shops, nicolae_book_shop_shelving,
          corexii_shack
D:7:      layout_loops_cross, kennysheep_mini_moat,
          nicolae_tso_swordbearing_angel, serial_shops, shop,
          chequers_serial_rivers_marsh, nicolae_inconvenience_store,
          minmay_misc_feat_tower, grunt_potential, uniq_joseph
Temple:   mainiacjoe_temple_coin_purse

Skill      XL: |  1  2  3  4  5  6  7  8 |
---------------+-------------------------+-----
Conjurations   | 5 6 7 |  7.0
Fighting       | 1 2 3 4 6 7 |  7.0
Dodging        | 2 |  2.0
Spellcasting   | 3 |  3.0
Hexes          | 2 4 |  4.6
Stealth        | |  2.1

Action                     |  1- 3 |  4- 6 |  7- 9 || total
---------------------------+-------+-------+-------++-------
  Melee: Dagger            |    13 |    13 |    16 ||    42
         Club              |     4 |    11 |       ||    15
         Quarterstaff      |       |       |     4 ||     4
   Cast: Magic Dart        |    51 |    95 |   100 ||   246
         Searing Ray       |     1 |     8 |     7 ||    16
         Dazzling Flash    |       |       |     2 ||     2
    Use: Potion            |       |       |     1 ||     1
 Armour: Robe              |     9 |    12 |    14 ||    35
  Dodge: Dodged            |    13 |    31 |    29 ||    73

Table legend: (Time is in decaauts)
 A = Elapsed time spent in this place.
 B = Non-inter-level travel time spent in this place.
 C = Inter-level travel time spent in this place.
 D = Time resting spent in this place.
 E = Time spent auto-exploring this place.
 F = Levels seen in this place.
 G = Mean time per level.
                   A        B        C        D        E       F      G
               +--------+--------+--------+--------+--------+-----+--------+
         Total |   6675 |   6455 |    220 |      0 |   5531 |   8 |  834.4 |
       Dungeon |   6614 |   6450 |    164 |      0 |   5531 |   7 |  944.9 |
        Temple |     60 |      4 |     56 |      0 |      0 |   1 |   60.0 |
               +--------+--------+--------+--------+--------+-----+--------+

Top non-repeatable levels by time:
     D:5: 1576 daAuts
     D:1: 1151 daAuts
     D:3: 1020 daAuts
     D:6: 1017 daAuts
     D:4: 816 daAuts
     D:2: 792 daAuts
     D:7: 240 daAuts
  Temple: 60 daAuts
